Map: Ульрена

Players

Yoshi

  • Race: Zerg Zerg
  • League: Diamond

KoyoT - Winner!

  • Race: Terran Terran

Event: Gauntlet LotV Series 1 Qualifier 1

VOD

Have the link to the VOD?

Description

Time

  • Played on: Nov. 22, 2015, 3:19 p.m.
  • Length: 6:42

All games in this series

Show
View Real Time Build Order
Export as new Build Order

Yoshi Zerg 

Build Orders: Hatch First 

Get SALT Encoding   

  12  0:01  Drone  
  13  0:12  Overlord  
  13  0:17  Drone  
  14  0:26  Extractor  
  14  0:27  Drone  
  15  0:31  Drone  
  15  0:34  Drone  
  17  0:55  Hatchery  
  16  0:57  Drone  
  16  1:01  Drone  
  18  1:07  Drone  
  19  1:17  Spawning Pool  
  18  1:20  Extractor  
  18  1:22  Drone  
  18  1:34  Overlord  
  18  1:51  Drone x2  
  20  2:01  Hatchery  
  20  2:06  Queen  
  21  2:18  Queen  
  22  2:30  Spine Crawler  
  20  2:38  Zergling x4  
  20  2:39  Zergling x2  
  20  2:42  Drone  
  24  2:51  Drone x2  
  24  2:54  Metabolic Boost  
  25  3:24  Queen  
  25  3:25  Queen  
  25  3:26  Drone x3  
  32  3:29  Drone  
  32  3:33  Drone  
  34  3:40  Baneling Nest  
  34  3:41  Drone  
  34  3:46  Drone  
  35  3:54  Drone x3  
  35  3:55  Drone  
  39  4:00  Overlord  
  38  4:13  Drone x4  
  38  4:14  Extractor  
  40  4:21  Drone x4  
  44  4:26  Drone x2  
  46  4:34  Queen  
  46  4:35  Drone  
  46  4:36  Drone  
  50  4:42  Lair  
  50  4:47  Overlord  
  50  4:48  Overlord  
  49  5:13  Zergling x10  
  49  5:14  Zergling x6  
  51  5:21  Zergling x4  
  51  5:22  Zergling x10  
  56  5:31  Zergling x4  
  51  5:37  Baneling x5  
  51  5:38  Roach Warren, Baneling  
  50  5:46  Queen  
  50  5:48  Drone x5  
  46  6:01  Queen  
  39  6:14  Zergling x8  
  39  6:17  Hatchery  
  42  6:19  Roach x2  
Show
View Real Time Build Order
Export as new Build Order

KoyoT Terran - Winner!

Build Orders: Reaper Expand, Hellion Banshee 

Get SALT Encoding   

  12  0:01  SCV  
  13  0:13  SCV  
  14  0:18  Supply Depot  
  14  0:25  SCV  
  15  0:40  SCV  
  15  0:42  Barracks  
  16  0:47  Refinery  
  16  0:52  SCV  
  17  1:04  SCV  
  18  1:16  SCV  
  19  1:30  Reaper, Orbital Command  
  20  1:42  Command Center  
  20  1:51  Supply Depot  
  20  1:56  SCV  
  21  2:02  Barracks Reactor  
  21  2:05  Refinery  
  21  2:08  SCV  
  22  2:20  SCV  
  23  2:25  Factory  
  23  2:33  SCV  
  24  2:45  SCV  
  24  2:48  Marine  
  24  2:49  Marine  
  27  2:55  Orbital Command  
  27  2:57  SCV, Bunker  
  28  3:09  SCV  
  29  3:20  Starport  
  29  3:21  SCV  
  29  3:24  SCV  
  30  3:27  Hellion x2  
  30  3:31  Barracks Tech Lab  
  30  3:33  SCV  
  35  3:36  Supply Depot  
  35  3:37  SCV  
  36  3:42  Armory  
  36  3:45  SCV  
  37  3:49  SCV  
  37  3:51  Hellion x2  
  42  3:57  SCV  
  43  4:03  Cloaking Field  
  43  4:04  Banshee  
  43  4:06  SCV  
  43  4:09  SCV  
  48  4:14  Hellion x2  
  52  4:18  SCV  
  52  4:21  SCV  
  54  4:25  Supply Depot  
  52  4:32  Barracks Tech Lab  
  52  4:33  SCV x2  
  54  4:47  Banshee, Hellion, SCV  
  54  4:51  Supply Depot x2  
  60  4:53  Supply Depot  
  60  4:56  Marine  
  60  5:04  SCV x2  
  62  5:08  Supply Depot  
  62  5:14  Supply Depot  
  59  5:16  SCV  
  60  5:24  SCV  
  60  5:26  Hellion x2, Marine  
  60  5:28  SCV  
  67  5:33  Command Center  
  67  5:36  SCV  
  68  5:45  Barracks x2  
  68  5:47  Starport Reactor  
  68  5:48  SCV  
  66  5:57  SCV  
  66  5:59  Refinery  
  66  6:00  SCV  
  66  6:01  Refinery  
  66  6:02  Engineering Bay  
  67  6:04  Engineering Bay  
  67  6:09  SCV  
  67  6:10  Marine  
  69  6:12  Factory Reactor  
  69  6:19  Barracks  
  69  6:22  Barracks  
  69  6:23  SCV  
  69  6:25  Supply Depot  
  70  6:26  Supply Depot  
  70  6:29  SCV  
Tags
 
Add a new tag
Caveats
  • Supply blocks, unpowered buildings, or Contaminate may cause inaccurate times.
  • Supply counts are checked every 10 seconds.